[Event "Titled Tuesday Blitz May 16 Early 2023"]
[White "Dahlgren, James Allen"]
[Black "Hinds, Nathan"]
[WhiteFideId "22256873"]
[BlackFideId "7400730"]
[WhiteElo "2202"]
[BlackElo "2001"]
[Result "0-1"]
[Round "04"]
[TimeControl "180+2"]
[Date "2023.05.16"]
[WhiteClock "0:00:12"]
[BlackClock "0:00:18"]

1. d3 d5 2. f4 c5 3. Nf3 Nc6 4. g3 Bg4 5. Bg2 Bxf3 6. Bxf3 e6 7. Nc3 Nf6 8. e3 Be7 9. O-O Rc8 10. e4 Nd4 11. Bg2 dxe4 12. dxe4 O-O 13. Be3 Qb6 14. b3 Rfd8 15. Kh1 Nxb3 16. axb3 Rxd1 17. Rfxd1 a6 18. h3 Rd8 19. e5 Nh5 20. g4 Rxd1+ 21. Rxd1 Qb4 22. Ne4 c4 23. gxh5 cxb3 24. cxb3 Qxb3 25. Re1 Bb4 26. Bd2 Bxd2 27. Nxd2 Qg3 28. Rc1 Kf8 29. Rc8+ Ke7 30. Rc7+ Kd8 31. Rxb7 Qxf4 32. Nf3 a5 33. Ra7 a4 34. Kg1 a3 35. Ra8+ Kc7 36. Ra7+ Kb6 37. Rd7 a2 38. Nd4 a1=Q+ 0-1


[Site "https://www.chess.com"]

[Event "Titled Tuesday Blitz May 16 Early 2023"]
[White "Cramling Bellon, Anna"]
[Black "Prieto Aranguren, Alain"]
[WhiteFideId "32009232"]
[BlackFideId "2268906"]
[WhiteElo "1976"]
[BlackElo "2209"]
[Result "0-1"]
[Round "04"]
[TimeControl "180+2"]
[Date "2023.05.16"]
[WhiteClock "0:00:00"]
[BlackClock "0:00:04"]

1. d4 d5 2. c4 e6 3. Nc3 Nf6 4. cxd5 exd5 5. Bg5 Be7 6. e3 O-O 7. Bd3 h6 8. Bh4 c5 9. dxc5 Nbd7 10. Rc1 Nxc5 11. Bxf6 Nxd3+ 12. Qxd3 Bxf6 13. Nf3 Be6 14. O-O Rc8 15. Nb5 Rxc1 16. Rxc1 Bxb2 17. Rb1 Bf6 18. Nxa7 Qd7 19. Nd4 Ra8 20. Nxe6 fxe6 21. Nb5 Rxa2 22. g3 Ra1 23. Rxa1 Bxa1 24. Nd4 Bxd4 25. exd4 Qf7 26. Qb5 Kh7 27. h4 h5 28. Kg2 Kg6 29. Qd3+ Qf5 30. Qb5 Qe4+ 31. Kh2 Qxd4 32. Qe8+ Kf6 33. Qxh5 Qxf2+ 34. Kh1 Qe1+ 35. Kg2 Qd2+ 36. Kg1 Qe1+ 37. Kg2 Qe4+ 38. Kg1 Qf5 39. Qe8 Ke5 40. Qb8+ Ke4 41. Qxb7 Kf3 42. Qb3+ Kg4 43. Qd1+ Kxg3 44. Qe1+ Kh3 0-1


[Site "https://www.chess.com"]

[Event "Titled Tuesday Blitz May 16 Early 2023"]
[White "Howell, David W L"]
[Black "Zaichenko, Daria"]
[WhiteFideId "410608"]
[BlackFideId "4197453"]
[WhiteElo "2567"]
[BlackElo "2039"]
[Result "1-0"]
[Round "04"]
[TimeControl "180+2"]
[Date "2023.05.16"]
[WhiteClock "0:01:40"]
[BlackClock "0:00:17"]

1. e4 c5 2. Nf3 Nc6 3. Nc3 g6 4. h4 Bg7 5. h5 Nf6 6. h6 Bf8 7. d4 cxd4 8. Nxd4 d6 9. f3 Bd7 10. Be3 Nh5 11. Bc4 e6 12. g4 Nf6 13. Qd2 Be7 14. O-O-O Qa5 15. Kb1 O-O-O 16. Nb3 Qb4 17. Be2 d5 18. e5 Nxe5 19. a3 Qd6 20. Bc5 Qc6 21. Bxe7 Rde8 22. Bxf6 1-0


[Site "https://www.chess.com"]

[Event "Titled Tuesday Blitz May 16 Early 2023"]
[White "Aradhya, Garg"]
[Black "rikchessmx"]
[WhiteFideId "25006746"]
[WhiteElo "2263"]
[BlackElo "2245"]
[Result "1-0"]
[Round "04"]
[TimeControl "180+2"]
[Date "2023.05.16"]
[WhiteClock "0:01:56"]
[BlackClock "0:01:04"]

1. d4 Nf6 2. c4 e6 3. Nf3 c5 4. d5 b5 5. e4 Nxe4 6. Bd3 Nf6 7. Nc3 b4 8. Ne4 Bb7 9. O-O Nxe4 10. Bxe4 f5 11. Bc2 Be7 12. Qe2 exd5 13. Re1 d4 14. Bg5 Nc6 15. Ba4 O-O 16. Bxc6 Bxc6 17. Bxe7 Qc7 18. Bxf8 Rxf8 19. Rad1 d5 20. Qe6+ Kh8 21. cxd5 Bb5 22. d6 Qc6 23. Ne5 Qe8 24. Qxe8 Bxe8 25. d7 Bh5 26. Nc6 Bxd1 27. Re8 Kg8 28. d8=Q 1-0


[Site "https://www.chess.com"]

[Event "Titled Tuesday Blitz May 16 Early 2023"]
[White "Berezin, Viktor"]
[Black "ChawitAp"]
[WhiteFideId "14107872"]
[WhiteElo "2310"]
[BlackElo "2226"]
[Result "1-0"]
[Round "04"]
[TimeControl "180+2"]
[Date "2023.05.16"]
[WhiteClock "0:00:56"]
[BlackClock "0:00:02"]

1. d4 d5 2. Nf3 c6 3. c4 dxc4 4. a4 Nf6 5. e3 Bf5 6. Bxc4 e6 7. O-O Bb4 8. Bd2 a5 9. Nc3 O-O 10. Qe2 Bg6 11. Ne5 Nbd7 12. Nxg6 hxg6 13. Rfd1 Qc7 14. Rac1 e5 15. d5 Nb6 16. dxc6 Qxc6 17. Nb5 Nxc4 18. Rxc4 Qe6 19. Bxb4 axb4 20. Nc7 Qb6 21. Nxa8 Rxa8 22. b3 e4 23. Qd2 Qe6 24. Rxb4 Re8 25. Rxb7 Qe5 26. Qd6 Qh5 27. h3 Re6 28. Qd8+ Re8 29. Qd2 g5 30. Rb5 Qg6 31. Qa5 Re7 32. Rxg5 Qh6 33. Rd8+ Kh7 34. Qf5+ g6 35. Qxf6 Rc7 36. Rh8# 1-0


[Site "https://www.chess.com"]

[Event "Titled Tuesday Blitz May 16 Early 2023"]
[White "Arat, Ufuk Sezen"]
[Black "Ankudinova, Yelena"]
[WhiteFideId "6309089"]
[BlackFideId "13702114"]
[WhiteElo "2289"]
[BlackElo "1937"]
[Result "1-0"]
[Round "04"]
[TimeControl "180+2"]
[Date "2023.05.16"]
[WhiteClock "0:00:35"]
[BlackClock "0:00:50"]

1. e4 Nf6 2. e5 Nd5 3. d4 d6 4. Nf3 Bg4 5. Be2 e6 6. c4 Nb6 7. exd6 cxd6 8. h3 Bxf3 9. Bxf3 d5 10. cxd5 Nxd5 11. O-O Be7 12. Qb3 Qd7 13. Nc3 Nxc3 14. bxc3 Nc6 15. Rb1 Rb8 16. d5 Ne5 17. Be2 exd5 18. Bb5 Nc6 19. Bf4 Rd8 20. Ba4 O-O 21. Qxb7 Qxb7 22. Rxb7 Bd6 23. Bg5 f6 24. Be3 Rc8 25. Bb3 Ne7 26. Rxa7 Rxc3 27. Rd1 Rfc8 28. g4 Kf7 29. Rxd5 Kg6 30. Rxd6 1-0


[Site "https://www.chess.com"]

[Event "Titled Tuesday Blitz May 16 Early 2023"]
[White "hsd2016"]
[Black "Petrovic, Aleksa"]
[BlackFideId "967629"]
[WhiteElo "2186"]
[BlackElo "2309"]
[Result "1-0"]
[Round "04"]
[TimeControl "180+2"]
[Date "2023.05.16"]
[WhiteClock "0:00:25"]
[BlackClock "0:00:26"]

1. e4 d5 2. exd5 Qxd5 3. d4 e5 4. dxe5 Qxe5+ 5. Be3 Qxb2 6. Bd4 Bb4+ 7. Ke2 Qxa1 8. Bxa1 Nf6 9. Bxf6 gxf6 10. Qd4 Be7 11. Ke1 Nc6 12. Bb5 Bd7 13. Qf4 O-O-O 14. Nf3 Bb4+ 15. c3 Rhe8+ 16. Kf1 Be7 17. Nbd2 a6 18. Ba4 Kb8 19. Nc4 b5 20. Bb3 bxc4 21. Bxc4 Bc8 22. Qc1 Bc5 23. h3 Bb6 24. g3 Bb7 25. Be2 Na5 26. Qc2 Be4 27. Qb2 Ka7 28. Rg1 Nc4 29. Qc1 Bxf3 30. Bxf3 Rd2 31. Rg2 Red8 32. Be2 Ne5 33. f4 Nc6 34. Bf3 Be3 35. Rxd2 Rxd2 36. Qe1 Rf2+ 37. Qxf2 Bxf2 38. Kxf2 Kb6 39. Bxc6 Kxc6 40. Ke3 Kd5 41. g4 Kc4 42. Kd2 c5 43. Kc2 a5 44. a4 Kd5 45. Kd3 c4+ 46. Ke3 f5 47. g5 f6 48. gxf6 Ke6 49. Kd4 Kxf6 50. Kxc4 Ke6 51. Kc5 h6 52. h4 h5 53. Kc6 Ke7 54. Kd5 Kd7 55. Ke5 Kc6 56. Kxf5 Kc5 57. Kg5 Kc4 58. f5 Kxc3 59. f6 Kb4 60. f7 Kxa4 61. f8=Q Kb3 62. Kxh5 a4 63. Kg5 a3 64. Qxa3+ Kxa3 65. h5 1-0


[Site "https://www.chess.com"]

[Event "Titled Tuesday Blitz May 16 Early 2023"]
[White "Dobre, Claudiu-Cristian"]
[Black "Floresvillar Gonzalez, Luis Migu"]
[WhiteFideId "1211854"]
[BlackFideId "5100542"]
[WhiteElo "2207"]
[BlackElo "2040"]
[Result "1-0"]
[Round "04"]
[TimeControl "180+2"]
[Date "2023.05.16"]
[WhiteClock "0:00:13"]
[BlackClock "0:00:21"]

1. e4 d6 2. d4 g6 3. c3 Bg7 4. Bd3 Nc6 5. Nf3 e5 6. dxe5 Nxe5 7. Nxe5 Bxe5 8. h3 Bd7 9. Na3 a6 10. Nc4 Bg7 11. Bf4 b5 12. Ne3 Ne7 13. O-O O-O 14. Qd2 Re8 15. Ng4 Bxg4 16. hxg4 Nc6 17. f3 Ne5 18. Be2 Qh4 19. Qe1 Qxe1 20. Rfxe1 Rab8 21. Rad1 a5 22. Rd5 b4 23. Rxa5 bxc3 24. bxc3 Rb2 25. Bf1 Rc2 26. Rc1 Rxc1 27. Bxc1 Rb8 28. Rb5 Ra8 29. a3 c6 30. Rb3 h6 31. Be3 c5 32. Bb5 Rb8 33. c4 Kh7 34. a4 Ra8 35. Ra3 Ra5 36. Bd2 Ra7 37. a5 g5 38. a6 Ng6 39. Ba5 Bd4+ 40. Kf1 Ne5 41. Bb6 Ra8 42. a7 Kg6 43. Bc7 d5 44. exd5 f6 45. Bxe5 Bxe5 46. Bc6 Bb2 47. Ra2 1-0


[Site "https://www.chess.com"]

[Event "Titled Tuesday Blitz May 16 Early 2023"]
[White "MANOJ_MISHRA123"]
[Black "Mahalakshmi, M"]
[BlackFideId "5001080"]
[WhiteElo "2157"]
[BlackElo "2176"]
[Result "0-1"]
[Round "04"]
[TimeControl "180+2"]
[Date "2023.05.16"]
[WhiteClock "0:00:37"]
[BlackClock "0:01:25"]

1. d4 Nf6 2. Bg5 d5 3. e3 c6 4. Bd3 Bg4 5. f3 Bh5 6. Nd2 e6 7. g4 Bg6 8. h4 Bxd3 9. cxd3 h6 10. Bf4 Bd6 11. Ne2 Bxf4 12. Nxf4 Nbd7 13. Rc1 Qe7 14. e4 e5 15. Ne2 O-O-O 16. Qb3 Kb8 17. Rxc6 Nb6 18. Rc1 exd4 19. Nxd4 dxe4 20. Nf5 Qe5 21. dxe4 g6 22. Ne3 Qg3+ 23. Ke2 Rxd2+ 24. Kxd2 Qf2+ 25. Kd3 Rd8+ 26. Nd5 Nfxd5 27. exd5 Rxd5+ 28. Ke4 Qd4# 0-1


[Site "https://www.chess.com"]

[Event "Titled Tuesday Blitz May 16 Early 2023"]
[White "Fernandez Hernandez, Gerardo"]
[Black "Womacka, Mathias"]
[WhiteFideId "2207400"]
[BlackFideId "4611390"]
[WhiteElo "2157"]
[BlackElo "2377"]
[Result "0-1"]
[Round "04"]
[TimeControl "180+2"]
[Date "2023.05.16"]
[WhiteClock "0:00:00"]
[BlackClock "0:00:53"]

1. e4 c5 2. d3 Nc6 3. g3 g6 4. Bg2 Bg7 5. f4 e6 6. Nf3 Nge7 7. O-O O-O 8. c3 b6 9. Be3 Bb7 10. d4 cxd4 11. cxd4 d5 12. e5 Nf5 13. Bf2 Rc8 14. Nc3 Ba6 15. Re1 Nb4 16. Bf1 Bxf1 17. Rxf1 f6 18. exf6 Bxf6 19. Ne5 Nc6 20. Qd2 Nxe5 21. fxe5 Bg5 22. Qe2 Qd7 23. h4 Bh6 24. g4 Ne7 25. Nb5 Rc4 26. Nd6 Rc6 27. g5 Bg7 28. Rac1 Nf5 29. Nxf5 Rxc1 30. Nh6+ Bxh6 31. Rxc1 Bg7 32. Qc2 Qf7 33. Qe2 h6 34. Be3 hxg5 35. hxg5 Qf5 36. Rf1 Qh3 37. Rxf8+ Bxf8 38. Bd2 Be7 39. Qg2 Qd3 40. Kh1 Qxd4 41. Be1 Qxe5 42. Bc3 Qxg5 0-1


[Site "https://www.chess.com"]

[Event "Titled Tuesday Blitz May 16 Early 2023"]
[White "Winkels, Marcel"]
[Black "Fernandez Garcia, Gumersindo"]
[WhiteFideId "1003887"]
[BlackFideId "24516740"]
[WhiteElo "1900"]
[BlackElo "2093"]
[Result "1-0"]
[Round "04"]
[TimeControl "180+2"]
[Date "2023.05.16"]
[WhiteClock "0:01:17"]
[BlackClock "0:00:08"]

1. d4 d5 2. Nc3 Nf6 3. Bf4 c6 4. e3 Bf5 5. Nf3 e6 6. Ne5 Nbd7 7. g4 Bg6 8. h4 h5 9. Nxg6 fxg6 10. g5 Ng8 11. Bd3 Kf7 12. Qf3 Qe8 13. Bd6+ Ngf6 14. Bxf8 Rxf8 15. gxf6 gxf6 16. Rg1 Rg8 17. O-O-O Rg7 18. Rg3 Kg8 19. Rdg1 e5 20. Bxg6 Qe7 21. Bxh5 Rxg3 22. Qxg3+ Kh8 23. Qg6 Qh7 24. Qxh7+ Kxh7 25. Bg4 Nf8 26. Bf5+ Kh6 27. dxe5 fxe5 28. e4 d4 29. Ne2 Re8 30. Ng3 Re7 31. Bc8 Rc7 32. Nf5+ Kh5 33. Rg5# 1-0


[Site "https://www.chess.com"]

[Event "Titled Tuesday Blitz May 16 Early 2023"]
[White "Ciuffoletti, Paolo"]
[Black "Kielinkei"]
[WhiteFideId "807630"]
[WhiteElo "2143"]
[BlackElo "2420"]
[Result "0-1"]
[Round "04"]
[TimeControl "180+2"]
[Date "2023.05.16"]
[WhiteClock "0:00:01"]
[BlackClock "0:00:04"]

1. e4 c5 2. d4 cxd4 3. c3 Nf6 4. e5 Nd5 5. Qxd4 e6 6. Bc4 Nc6 7. Qe4 Nb6 8. Bb3 d6 9. exd6 Bxd6 10. Nf3 O-O 11. Ng5 g6 12. Qh4 h5 13. O-O Ne5 14. Rd1 Qc7 15. Ne4 Be7 16. Bg5 Nc6 17. Bf6 Nd5 18. Bxd5 exd5 19. Rxd5 Rd8 20. Bxe7 Nxe7 21. Nf6+ Kg7 22. Rxd8 Qxd8 23. Na3 Nc6 24. Nxh5+ gxh5 25. Qxh5 Be6 26. Re1 Qf6 27. Re3 Rh8 28. Rg3+ Kf8 29. Qc5+ Qe7 30. Qe3 Rg8 31. Rxg8+ Kxg8 32. Qg3+ Kf8 33. Nb5 Qd7 34. h4 Qd1+ 35. Kh2 Qg4 36. Qd6+ Kg7 37. g3 Qh3+ 38. Kg1 Qf5 39. Nd4 Nxd4 40. Qxd4+ Kh7 41. Qxa7 Qb1+ 42. Kh2 Qxb2 43. Qe3 Qc2 44. h5 Qf5 45. Qd4 Qxh5+ 46. Kg1 Qd5 47. Qb4 Qd1+ 48. Kh2 Qh5+ 49. Kg1 Bd5 50. Kf1 Qd1# 0-1


[Site "https://www.chess.com"]

[Event "Titled Tuesday Blitz May 16 Early 2023"]
[White "Johnson, Ben"]
[Black "Van Dael, Siem"]
[WhiteFideId "2010917"]
[BlackFideId "1049771"]
[WhiteElo "2133"]
[BlackElo "2336"]
[Result "0-1"]
[Round "04"]
[TimeControl "180+2"]
[Date "2023.05.16"]
[WhiteClock "0:00:43"]
[BlackClock "0:00:47"]

1. Nf3 Nf6 2. g3 g6 3. Bg2 Bg7 4. O-O O-O 5. d4 d6 6. Nc3 Nc6 7. e4 e5 8. d5 Ne7 9. h3 c6 10. dxc6 bxc6 11. Be3 Ba6 12. Re1 Rb8 13. b3 Qc7 14. Qd2 d5 15. Bc5 d4 16. Na4 Rfe8 17. Nxe5 Qxe5 18. f4 Qc7 19. Bxd4 Rbd8 20. Qc3 Nxe4 21. Rxe4 Rxd4 22. Rxd4 Nf5 23. Qxc6 Bxd4+ 24. Kh2 Qxc6 25. Bxc6 Re2+ 0-1


[Site "https://www.chess.com"]

[Event "Titled Tuesday Blitz May 16 Early 2023"]
[White "Pesotskiy, Mikhail"]
[Black "Lakshmi C"]
[WhiteFideId "34164453"]
[BlackFideId "25035347"]
[WhiteElo "2131"]
[BlackElo "1942"]
[Result "1-0"]
[Round "04"]
[TimeControl "180+2"]
[Date "2023.05.16"]
[WhiteClock "0:00:10"]
[BlackClock "0:00:00"]

1. d4 Nf6 2. c4 e6 3. Nc3 b6 4. e4 Bb4 5. e5 Ng8 6. Nf3 Ne7 7. Bd3 h6 8. O-O d5 9. cxd5 Bxc3 10. bxc3 exd5 11. Qc2 c5 12. Be3 c4 13. Be2 Bf5 14. Qd2 Nbc6 15. Nh4 Be6 16. f4 g6 17. Rf2 Qd7 18. Bd1 a6 19. Rb1 b5 20. a4 Na5 21. axb5 axb5 22. Qc1 Nf5 23. Nf3 Nxe3 24. Qxe3 Bf5 25. Rb4 Nc6 26. Rxb5 Ra1 27. Rf1 Bd3 28. Be2 Rxf1+ 29. Bxf1 Bxf1 30. Kxf1 O-O 31. f5 Ne7 32. Rb6 Nxf5 33. Qf4 Qa4 34. g4 Qd1+ 35. Kf2 Qc2+ 36. Kg1 Ng7 37. Qxh6 Qd1+ 38. Kg2 Qc2+ 39. Kg3 Qxc3 40. h4 1-0


[Site "https://www.chess.com"]

[Event "Titled Tuesday Blitz May 16 Early 2023"]
[White "Kopczynski, Michal"]
[Black "Srebrnic, Ana"]
[WhiteFideId "1124200"]
[BlackFideId "14603314"]
[WhiteElo "2212"]
[BlackElo "2181"]
[Result "1-0"]
[Round "04"]
[TimeControl "180+2"]
[Date "2023.05.16"]
[WhiteClock "0:02:26"]
[BlackClock "0:01:49"]

1. e4 c5 2. d4 cxd4 3. c3 dxc3 4. Nxc3 Nc6 5. f4 d6 6. Nf3 g6 7. Bc4 Bg7 8. O-O a6 9. Kh1 Qc7 10. Nd5 Qb8 11. Nb6 Ra7 12. Be3 Ra8 13. Nxa8 Qxa8 14. e5 dxe5 15. Nxe5 Nxe5 16. fxe5 e6 17. Qf3 Nh6 18. Bxh6 Bxh6 19. Qxf7+ Kd8 20. Rad1+ 1-0


[Site "https://www.chess.com"]

[Event "Titled Tuesday Blitz May 16 Early 2023"]
[White "Mogirzan, Matei-Valeriu"]
[Black "ritanovikova"]
[WhiteFideId "1257455"]
[WhiteElo "1733"]
[BlackElo "2109"]
[Result "0-1"]
[Round "04"]
[TimeControl "180+2"]
[Date "2023.05.16"]
[WhiteClock "0:00:38"]
[BlackClock "0:00:39"]

1. e4 d5 2. exd5 Qxd5 3. Nc3 Qd6 4. Nf3 Nf6 5. d4 a6 6. a3 Bg4 7. h3 Bh5 8. g4 Bg6 9. Ne5 Nc6 10. Bf4 Qxd4 11. Nxc6 Qxf4 12. Nb4 Ne4 13. Qe2 Nxc3 14. bxc3 Be4 15. Rg1 e6 16. Rg3 Bd6 17. Re3 Bxb4 18. axb4 Bg6 19. Qb5+ c6 20. Qxb7 O-O 21. Rxa6 Rxa6 22. Bxa6 Bxc2 23. Qxc6 Rd8 24. Bd3 Bxd3 25. Rxd3 Qc1+ 0-1


[Site "https://www.chess.com"]

[Event "Titled Tuesday Blitz May 16 Early 2023"]
[White "littlepillow2010"]
[Black "Sailer, Mike"]
[BlackFideId "2012901"]
[WhiteElo "2347"]
[BlackElo "2109"]
[Result "1/2-1/2"]
[Round "04"]
[TimeControl "180+2"]
[Date "2023.05.16"]
[WhiteClock "0:00:03"]
[BlackClock "0:00:07"]

1. e4 d5 2. exd5 Qxd5 3. Nc3 Qd6 4. d4 Nf6 5. Nf3 c6 6. g3 Bf5 7. Bg2 e6 8. O-O Be7 9. Bf4 Qd8 10. Nh4 Bg4 11. f3 Bh5 12. g4 Nd5 13. Nxd5 cxd5 14. Nf5 exf5 15. gxh5 O-O 16. Qd3 Qd7 17. Bh3 g6 18. Kh1 Nc6 19. c3 Bf6 20. Rae1 Rae8 21. Bh6 Bg7 22. Bf4 Re6 23. hxg6 hxg6 24. Re3 Rxe3 25. Qxe3 Re8 26. Qd2 Qe6 27. Bg3 Qf6 28. Re1 Re6 29. Rxe6 fxe6 30. Qf4 g5 31. Qc7 Qf7 32. Qc8+ Kh7 33. Bc7 b6 34. Bg2 g4 35. Bd6 Na5 36. b3 gxf3 37. Bxf3 Qg6 38. Qd7 Kg8 39. Be5 Bxe5 40. dxe5 Qh6 41. Qe8+ Kg7 42. Qe7+ Kg8 43. Qd6 Qc1+ 44. Kg2 Qd2+ 45. Kh3 Qh6+ 46. Kg3 Qg5+ 47. Kf2 Qd2+ 48. Be2 Qf4+ 49. Ke1 Qc1+ 50. Kf2 Qf4+ 51. Kg2 Qg5+ 52. Kf3 Qg4+ 53. Kf2 Qf4+ 1/2-1/2


[Site "https://www.chess.com"]

[Event "Titled Tuesday Blitz May 16 Early 2023"]
[White "Buchenau, Frank"]
[Black "Suduvasachmatai"]
[WhiteFideId "4604350"]
[WhiteElo "2157"]
[BlackElo "2095"]
[Result "1-0"]
[Round "04"]
[TimeControl "180+2"]
[Date "2023.05.16"]
[WhiteClock "0:02:19"]
[BlackClock "0:01:53"]

1. e4 c5 2. Nf3 d6 3. Bb5+ Bd7 4. Bxd7+ Qxd7 5. c4 Nc6 6. d4 cxd4 7. Nxd4 Nf6 8. Nc3 e6 9. O-O Be7 10. Be3 O-O 11. Qe2 Rac8 12. Rad1 Rfd8 13. f4 h6 14. f5 Nxd4 15. Bxd4 e5 16. Bxe5 Qc6 17. Bxf6 Bxf6 18. Nd5 Be5 19. Ne7+ 1-0


[Site "https://www.chess.com"]

[Event "Titled Tuesday Blitz May 16 Early 2023"]
[White "Necula, Iulian"]
[Black "FunnyDuck66"]
[WhiteFideId "1232380"]
[WhiteElo "1790"]
[BlackElo "2328"]
[Result "1-0"]
[Round "04"]
[TimeControl "180+2"]
[Date "2023.05.16"]
[WhiteClock "0:00:37"]
[BlackClock "0:00:00"]

1. d4 Nf6 2. Nc3 d5 3. Bf4 c6 4. e3 Bf5 5. Nf3 e6 6. Ne5 Bd6 7. g4 Bg6 8. h4 Bxe5 9. dxe5 Ne4 10. h5 Nxc3 11. bxc3 Be4 12. f3 Qa5 13. Kd2 Na6 14. fxe4 dxe4 15. Bxa6 bxa6 16. Ke2 Qxc3 17. Qd2 Qc4+ 18. Kf2 Rd8 19. Qe2 Qc3 20. Rad1 O-O 21. Rd6 Rxd6 22. exd6 e5 23. Bg3 f5 24. d7 f4 25. exf4 exf4 26. Bh4 e3+ 27. Kf3 Qe5 28. Qd3 g5 29. hxg6 1-0


[Site "https://www.chess.com"]

[Event "Titled Tuesday Blitz May 16 Early 2023"]
[White "Kriti Mayur Patel"]
[Black "Mike24147"]
[WhiteFideId "35061780"]
[WhiteElo "1306"]
[BlackElo "2323"]
[Result "0-1"]
[Round "04"]
[TimeControl "180+2"]
[Date "2023.05.16"]
[WhiteClock "0:00:35"]
[BlackClock "0:00:19"]

1. e4 c5 2. d4 cxd4 3. c3 Nf6 4. e5 Nd5 5. Nf3 d6 6. exd6 Qxd6 7. Bc4 Nb6 8. Bb3 dxc3 9. Qxd6 exd6 10. Nxc3 Be6 11. Nb5 Na6 12. O-O Bxb3 13. axb3 f6 14. Be3 Kd7 15. Nxa7 Rxa7 16. Bxb6 Ra8 17. b4 Be7 18. b5 Nc7 19. Rac1 Nxb5 20. Rfd1 Ra6 21. Bc5 Rc6 22. Be3 Rhc8 23. Rxc6 bxc6 24. g3 d5 25. Bf4 Bd6 26. Be3 Ra8 27. Nh4 g6 28. Kg2 Ra2 29. Bc1 Be5 30. f4 Bd6 31. Rd3 Ra1 32. Be3 Rb1 33. b3 Bb4 34. f5 g5 35. Nf3 Bc3 36. g4 Rxb3 37. Nd4 Rb2+ 38. Kg3 Bxd4 39. Bxd4 Nxd4 40. Rxd4 Kd6 41. Rd1 c5 42. Re1 Rb3+ 43. Kf2 Rb4 44. Kg3 Re4 45. Ra1 h5 46. gxh5 Rh4 47. Ra6+ Ke5 48. Rc6 c4 49. Rc5 Rxh5 50. h3 Rh4 51. Ra5 Rd4 52. Rc5 Kxf5 53. Rc7 Rd3+ 54. Kh2 c3 55. Kg2 d4 56. Rc5+ Kf4 57. Rc4 Rd2+ 58. Kh1 c2 59. h4 Rd1+ 60. Kh2 c1=Q 61. Rxc1 Rxc1 62. hxg5 fxg5 63. Kg2 Rc2+ 64. Kh3 g4+ 65. Kh4 Rh2# 0-1


[Site "https://www.chess.com"]

[Event "Titled Tuesday Blitz May 16 Early 2023"]
[White "Manon-og, Ramon Jr."]
[Black "Hartikainen, Jarmo"]
[WhiteFideId "5200776"]
[BlackFideId "503134"]
[WhiteElo "2310"]
[BlackElo "2087"]
[Result "1-0"]
[Round "04"]
[TimeControl "180+2"]
[Date "2023.05.16"]
[WhiteClock "0:01:08"]
[BlackClock "0:00:00"]

1. e4 c5 2. Nf3 Nc6 3. Bb5 g6 4. O-O Bg7 5. Qe2 Nf6 6. Nc3 Nd4 7. Nxd4 cxd4 8. Nd1 O-O 9. d3 b6 10. f4 Bb7 11. Nf2 d6 12. b3 a6 13. Bc4 b5 14. e5 Ne8 15. Bd2 bxc4 16. bxc4 dxe5 17. fxe5 Nc7 18. Ng4 Ne6 19. Nh6+ Bxh6 20. Bxh6 Ng7 21. Rab1 Qd7 22. Rf2 Bc6 23. Rbf1 f5 24. exf6 Rxf6 25. Rxf6 exf6 26. Rxf6 Re8 27. Qf2 Bb7 28. h3 Qe7 29. Qxd4 Qe1+ 30. Kh2 Qe5+ 31. Qxe5 Rxe5 32. Rb6 Re7 33. Bg5 Rd7 34. Bf6 Nf5 35. Bg5 Kf7 36. c5 h6 37. c6 Bxc6 38. Bxh6 Nxh6 39. Rxc6 Ra7 40. g4 Kg7 41. Kg3 Nf7 42. d4 Nd8 43. Rd6 Nf7 44. Rc6 Nd8 45. Rc8 Nf7 46. c4 Kf6 47. c5 Ke7 48. d5 Ne5 49. c6 Kd6 50. Rd8+ Kc7 51. Re8 Nc4 52. Re7+ Kd6 53. Rxa7 Kxd5 54. c7 1-0


[Site "https://www.chess.com"]

[Event "Titled Tuesday Blitz May 16 Early 2023"]
[White "Vargas Rodriguez, Wilver"]
[Black "Szente Varga, Fruzsina"]
[WhiteFideId "3509672"]
[BlackFideId "712264"]
[WhiteElo "2246"]
[BlackElo "1994"]
[Result "0-1"]
[Round "04"]
[TimeControl "180+2"]
[Date "2023.05.16"]
[WhiteClock "0:00:01"]
[BlackClock "0:00:42"]

1. e4 Nf6 2. e5 Nd5 3. b3 d6 4. Nf3 Bg4 5. Bb2 Nc6 6. exd6 exd6 7. Nc3 Nxc3 8. Bxc3 Qe7+ 9. Qe2 Bxf3 10. gxf3 Ne5 11. O-O-O O-O-O 12. f4 Ng6 13. Bh3+ Kb8 14. Qf3 d5 15. Rde1 Qa3+ 16. Kb1 Bb4 17. Bxg7 Rhg8 18. Bb2 Qa5 19. c3 Bd6 20. f5 Ne5 21. Qh5 Nd3 22. Re3 Nxf2 23. Rf1 Ne4 24. Re2 Qa6 25. Bg4 Nf6 26. Qxf7 Nxg4 27. Rfe1 b6 28. d4 Qd3+ 29. Ka1 Nxh2 30. Qxd5 Ba3 31. Bxa3 Rxd5 0-1


[Site "https://www.chess.com"]

[Event "Titled Tuesday Blitz May 16 Early 2023"]
[White "Joubert, Dantelle"]
[Black "Weber, Samuel"]
[WhiteFideId "14310813"]
[BlackFideId "12924008"]
[WhiteElo "1507"]
[BlackElo "2162"]
[Result "0-1"]
[Round "04"]
[TimeControl "180+2"]
[Date "2023.05.16"]
[WhiteClock "0:00:29"]
[BlackClock "0:02:41"]

1. d4 Nf6 2. c4 c5 3. d5 b5 4. Qc2 b4 5. Nf3 d6 6. g3 e5 7. dxe6 fxe6 8. Bg2 Bb7 9. O-O Nbd7 10. Ng5 Bxg2 11. Kxg2 Qe7 12. e4 h6 13. Nh3 g5 14. b3 Bg7 15. Bb2 e5 16. a3 O-O 17. axb4 cxb4 18. Ng1 Nc5 19. f3 a5 20. Nd2 Nfd7 21. Rf2 Ne6 22. Nf1 Ndc5 23. Ne3 Nd4 24. Bxd4 exd4 25. Nd5 Qb7 26. Rd1 d3 27. Rxd3 Nxd3 28. Qxd3 a4 29. bxa4 b3 30. Nh3 b2 31. Rf1 Rxa4 32. Nc3 Bxc3 33. Qxc3 b1=Q 0-1


[Site "https://www.chess.com"]

[Event "Titled Tuesday Blitz May 16 Early 2023"]
[White "Aung Thant Zin"]
[Black "De Souza, Cristiano Gomes"]
[WhiteFideId "13000063"]
[BlackFideId "2151758"]
[WhiteElo "2278"]
[BlackElo "2068"]
[Result "0-1"]
[Round "04"]
[TimeControl "180+2"]
[Date "2023.05.16"]
[WhiteClock "0:00:00"]
[BlackClock "0:00:28"]

1. e4 c5 2. Nf3 d6 3. Bb5+ Bd7 4. Bxd7+ Qxd7 5. O-O g6 6. c3 Bg7 7. d4 e6 8. Nbd2 Ne7 9. Re1 Nbc6 10. a4 O-O-O 11. a5 h6 12. Nc4 d5 13. exd5 exd5 14. Nce5 Nxe5 15. dxe5 Nc6 16. Bf4 Rhe8 17. h3 Qf5 18. Bg3 Nxe5 19. Bxe5 Bxe5 20. a6 b6 21. Qa4 Kc7 22. Rad1 Re6 23. Re3 Qf4 24. Qc2 Bd6 25. Red3 g5 26. Rxd5 g4 27. hxg4 Qxg4 28. Qf5 Qxf5 29. Rxf5 Re2 30. Rxf7+ Kc6 31. Rf6 Rxb2 32. Ne5+ Kb5 33. Rfxd6 Re8 34. c4+ Kb4 35. R6d5 Re2 36. g3 R2xe5 0-1


[Site "https://www.chess.com"]

[Event "Titled Tuesday Blitz May 16 Early 2023"]
[White "White, John S."]
[Black "Mikhaylova, Irina"]
[WhiteFideId "2502348"]
[BlackFideId "4109040"]
[WhiteElo "2012"]
[BlackElo "1975"]
[Result "0-1"]
[Round "04"]
[TimeControl "180+2"]
[Date "2023.05.16"]
[WhiteClock "0:00:05"]
[BlackClock "0:00:20"]

1. e4 c5 2. Nf3 Nc6 3. d4 cxd4 4. Nxd4 e5 5. Nb5 d6 6. N1c3 a6 7. Na3 b5 8. Nd5 Nge7 9. c3 Nxd5 10. exd5 Ne7 11. Nc2 Nf5 12. Bd3 Be7 13. O-O O-O 14. Ne3 Nxe3 15. fxe3 f5 16. Bc2 Bg5 17. e4 Bxc1 18. Rxc1 f4 19. Qf3 Bd7 20. Ra1 Qg5 21. a4 Rad8 22. axb5 axb5 23. Ra6 Rf6 24. Rfa1 Bg4 25. Qf2 f3 26. g3 h5 27. Ra8 Rxa8 28. Rxa8+ Kh7 29. Rb8 h4 30. Rxb5 Rg6 31. Kf1 hxg3 32. hxg3 Bh3+ 33. Ke1 Qc1+ 34. Bd1 Bg2 35. Rb6 Rh6 36. Qg1 Rh1 37. Qxh1+ Bxh1 38. Rxd6 Qe3+ 39. Kf1 Bg2# 0-1


[Site "https://www.chess.com"]